 Dungeon Crawl Stone Soup version 0.30-a0-458-g86641cc369 (webtiles) character file.

Game seed: 1972224281223907376

3074 cforsyth the Ruffian (level 9, -4/89 HPs)
             Began as a Troll Fighter on Dec 15, 2022.
             Was a Believer of Wu Jian.
             Slain by a human
             ... wielding a +0 war axe
              (13 damage)
             ... in a bailey.
             The game lasted 00:12:14 (4838 turns).

cforsyth the Ruffian (Troll Fighter)                Turns: 4838, Time: 00:12:15

Health: -4/89      AC:  4    Str: 26    XL:     9   Next: 58%
Magic:  8/8        EV: 10    Int:  8    God:    Wu Jian [**....]
Gold:   534        SH:  9    Dex:  9    Spells: 8/8 levels left

rFire   . . .      SeeInvis .      - Unarmed
rCold   + . .      Faith    .    b - +1 kite shield
rNeg    . . .      Spirit   .    a - +0 robe
rPois   .          Reflect  .    (helmet restricted)
rElec   .          Harm     .    (no cloak)
rCorr   .          Rampage  .    (gloves unavailable)
Will    .....                    (boots unavailable)
Stlth   +.........               j - amulet of the acrobat
HPRegen 1.14/turn                u - ring of protection from cold
MPRegen 0.11/turn                (no ring)

@: no status effects
A: large, unfitting armour, claws 3, regeneration 1, shaggy fur 1, tough skin 1
a: Renounce Religion, Wall Jump


You were in a bailey.
You worshipped Wu Jian.
Wu Jian was pleased with you.
You visited 2 branches of the dungeon, and saw 8 of its levels.
You also visited: Bailey.

You collected 534 gold pieces.

Inventory:

Missiles
 y - a throwing net (quivered)
Armour
 a - a +0 robe (worn)
 b - a +1 kite shield (worn)
Jewellery
 e - a ring of wizardry
 j - an amulet of the acrobat (around neck)
 u - a ring of protection from cold (left claw)
 z - an amulet of guardian spirit
 C - a +6 ring of dexterity
Wands
 w - a wand of roots (8)
Scrolls
 d - a scroll of immolation {unknown}
 i - a scroll of blinking {unknown}
 k - a scroll of enchant armour
 l - 2 scrolls of teleportation
 m - a scroll of fear
 o - 4 scrolls of noise
 p - a scroll of magic mapping {unknown}
 q - a scroll of vulnerability {unknown}
 s - a scroll of enchant weapon {unknown}
 t - a scroll of brand weapon
 x - a scroll of amnesia {unknown}
 B - a scroll of identify
 E - a scroll of torment {unknown}
Potions
 c - 5 potions of might
 f - 3 potions of heal wounds
 g - 2 potions of brilliance
 h - a potion of invisibility
 n - a potion of flight
 r - 4 potions of curing
 v - a potion of resistance
 A - a potion of attraction
 D - a potion of ambrosia {unknown}
 F - a potion of magic {unknown}


   Skills:
 + Level 6.1 Fighting
 + Level 6.1 Dodging
 + Level 6.7 Shields
 + Level 7.0 Unarmed Combat


You had 8 spell levels left.
You didn't know any spells.
Your spell library contained the following spells:

 Spells                   Type           Power      Damage    Failure   Level
 Cigotuvi's Dreadful Rot  Necr/Pois/Air  0%         N/A       80%         2
 Hailstorm                Conj/Ice       0%         3d3       95%         3
 Dispel Undead            Necr           0%         3d6       100%        4
 Ice Form                 Ice/Tmut       0%         N/A       100%        4
 Death Channel            Necr           0%         N/A       100%        6
 Simulacrum               Ice/Necr       0%         N/A       100%        6


Dungeon Overview and Level Annotations

Branches:
Dungeon (7/15)             Temple (1/1) D:4          Bailey (1/1)

Altars:
Ashenzari
Cheibriados
Dithmenos
Elyvilon
Fedhas
Gozag
Hepliaklqana
Kikubaaqudgha
Makhleb
Nemelex Xobeh
Okawaru
Qazlal
Ru
Sif Muna
Trog
Uskayaw
Vehumet
Wu Jian
Xom
Yredelemnul
Zin

Annotations:
D:3 2 transporters


Innate Abilities, Weirdness & Mutations

You are too large for most types of armour.
You have claws for hands.
Your natural rate of healing is unusually fast.
You are covered in fur. (AC +1)
You have tough skin. (AC +1)


Message History

The Council accepts your kill.
The human hits you with a +0 vorpal hand axe!
* * * LOW HITPOINT WARNING * * *
x2 You closely miss the human.
You block the human's attack.
Unknown command.
You feel much better.
The human hits you with a +0 vorpal hand axe!
You claw the human!
The human is moderately wounded.
The human hits you with a +0 vorpal hand axe.
* * * LOW HITPOINT WARNING * * *
x2 You completely miss the human.
The human is moderately wounded.
You block the human's attack.
You closely miss the human.
The human is moderately wounded.
You scratch the human but do no damage. The human misses you.
The human hits you with a +0 war axe!
* * * LOW HITPOINT WARNING * * *
You barely miss the human. You block the human's attack. x2
Unknown command.
You mangle the human!!
You kill the human!
The Council accepts your kill.
Your Unarmed Combat skill increases to level 7!
Unknown command.
You claw the human!
The human is moderately wounded.
The human closely misses you.
You closely miss the human.
The human is moderately wounded.
The human hits you with a +0 war axe!
* * * LOW HITPOINT WARNING * * *
You claw the human!
The human is severely wounded.
You block the human's attack.
You scratch the human but do no damage.
The human is severely wounded.
The human hits you with a +0 war axe!
You die...

## ######.
#.....p #####
#......##...##
#...)p@.∩..#
######)....#
+..∩..#
##...## #####


You could see a human.

Vanquished Creatures
  Pikel (D:6)
  Prince Ribbit (D:6)
  4 humans (Bailey)
  2 ice beasts (D:6)
  2 ogres (D:5)
  2 lemures (D:6)
  A phantom (D:4)
  A kobold brigand (D:4)
  A gnoll sergeant (D:7)
  3 bullfrogs
  3 scorpions
  A necrophage (D:4)
  A howler monkey (D:4)
  A jelly (D:5)
  2 gnoll boudas (D:7)
  2 hounds
  3 orc priests
  Jessica (D:2)
  3 iguanas (D:6)
  4 orc wizards
  Robin (D:4)
  17 gnolls
  10 adders
  4 worms
  A dart slug (D:5)
  16 orcs
  7 bats
  11 endoplasms
  6 giant cockroaches
  18 goblins
  15 hobgoblins
  4 jackals (D:4)
  7 quokkas
  7 ball pythons
  3 frilled lizards (D:1)
  9 kobolds
  9 rats
184 creatures vanquished.

Notes
Turn   | Place    | Note
-------+----------+-------------------------------------------
     0 | D:1      | cforsyth the Troll Fighter began the quest for the Orb.
     0 | D:1      | Reached XP level 1. HP: 22/22 MP: 0/0
    84 | D:1      | Reached XP level 2. HP: 29/29 MP: 1/1
   233 | D:1      | Reached XP level 3. HP: 36/36 MP: 2/2
   495 | D:2      | Found a broken altar of Ashenzari.
   711 | D:2      | Found a faded altar of an unknown god.
   735 | D:2      | Noticed Jessica
   741 | D:2      | Killed Jessica
   742 | D:2      | Reached XP level 4. HP: 44/44 MP: 3/3
   982 | D:2      | Reached skill level 3 in Unarmed Combat
  1162 | D:3      | Reached XP level 5. HP: 47/53 MP: 4/4
  1423 | D:3      | Found a transporter.
  1481 | D:3      | Found a transporter.
  1745 | D:4      | Found a staircase to the Ecumenical Temple.
  1760 | D:4      | Reached XP level 6. HP: 38/61 MP: 5/5
  1768 | Temple   | Entered the Ecumenical Temple
  1852 | Temple   | Became a worshipper of the Wu Jian Council
  1873 | D:4      | Found a broken altar of Ashenzari.
  2085 | D:4      | Noticed Robin
  2109 | D:4      | Killed Robin
  2173 | D:4      | Found a burning altar of Makhleb.
  2187 | D:4      | Reached skill level 4 in Unarmed Combat
  2287 | D:4      | Reached XP level 7. HP: 68/68 MP: 6/6
  2342 | D:4      | Found a radiant altar of Vehumet.
  2353 | D:4      | Reached * piety under Wu Jian
  2686 | D:5      | Entered Level 5 of the Dungeon
  3100 | D:5      | Reached skill level 5 in Shields
  3108 | D:5      | Reached skill level 5 in Unarmed Combat
  3108 | D:5      | Reached XP level 8. HP: 75/79 MP: 7/7
  3604 | D:6      | Noticed Pikel
  3623 | D:6      | Killed Pikel
  3624 | D:6      | Reached skill level 5 in Fighting
  3624 | D:6      | Reached skill level 5 in Dodging
  3740 | D:6      | Found an opulent altar of Gozag.
  3750 | D:6      | Found a hide-covered altar of Uskayaw.
  3870 | D:6      | Found a snail-covered altar of Cheibriados.
  3875 | D:6      | Found a hazy altar of Hepliaklqana.
  4045 | D:6      | Reached skill level 6 in Unarmed Combat
  4176 | D:6      | Noticed Prince Ribbit
  4195 | D:6      | Killed Prince Ribbit
  4196 | D:6      | Reached XP level 9. HP: 51/88 MP: 8/8
  4676 | D:7      | Reached ** piety under Wu Jian
  4790 | D:7      | Found a flagged portal.
  4802 | Bailey   | Entered a bailey
  4835 | Bailey   | Reached skill level 7 in Unarmed Combat
  4838 | Bailey   | Slain by a human

Illustrated notes

Levels and vault maps discovered:
D:1:      lightli_arrival_chessboard, layout_rooms, minmay_pentomino_w4
D:2:      layout_loops_cross, basic_altar,
          hellmonk_ecumenical_altar_inner_sanctum, uniq_jessica
D:3:      gammafunk_steamed_eel, layout_loops_ring
D:4:      layout_basic, nicolae_overflow_hidden_temple,
          mainiacjoe_overflow_boulevard, mainiacjoe_overflow_chevrons,
          minmay_temple_entry_tees, nrook_loot_triangle, uniq_robin
D:5:      layout_gridville
D:6:      layout_basic, grunt_temple_overflow_open, kennysheep_dice,
          uniq_prince_ribbit1, uniq_pikel
D:7:      nicolae_BIG_FREAKIN_CUBE, layout_gridville, enter_bailey_3
Temple:   nicolae_temple_two_arcs
Bailey:   bailey_axe_froggy_fort_hellmonk, bailey

Skill      XL: |  1  2  3  4  5  6  7  8  9 |
---------------+----------------------------+-----
Shields        | 3 4 5 6 |  6.7
Fighting       | 3 4 5 6 |  6.1
Dodging        | 3 4 5 6 |  6.1
Unarmed Combat | 3 4 5 6 7 |  7.0

Action                   |  1- 3 |  4- 6 |  7- 9 || total
-------------------------+-------+-------+-------++-------
Melee: Unarmed           |   120 |   152 |   310 ||   582
Invok: Lunge             |       |     3 |    19 ||    22
       Whirlwind         |       |       |     7 ||     7
  Use: Scroll            |       |       |    11 ||    11
       Potion            |       |       |     2 ||     2
 Stab: Sleeping          |     1 |     1 |       ||     2
Armor: Robe              |    52 |    29 |    49 ||   130
Dodge: Dodged            |    36 |    50 |    95 ||   181
Block: Kite shield       |    44 |    51 |   107 ||   202

Table legend: (Time is in decaauts)
 A = Elapsed time spent in this place.
 B = Non-inter-level travel time spent in this place.
 C = Inter-level travel time spent in this place.
 D = Time resting spent in this place.
 E = Time spent auto-exploring this place.
 F = Levels seen in this place.
 G = Mean time per level.
                   A        B        C        D        E       F      G
               +--------+--------+--------+--------+--------+-----+--------+
         Total |   4863 |   4728 |    135 |      4 |   3323 |   9 |  540.3 |
       Dungeon |   4732 |   4620 |    112 |      4 |   3257 |   7 |  676.0 |
        Temple |     94 |     71 |     23 |      0 |     64 |   1 |   94.0 |
        Bailey |     35 |     35 |      0 |      0 |      2 |   1 |   35.0 |
               +--------+--------+--------+--------+--------+-----+--------+

Top non-repeatable levels by time:
     D:6: 975 daAuts
     D:4: 969 daAuts
     D:5: 788 daAuts
     D:2: 620 daAuts
     D:3: 597 daAuts
     D:1: 503 daAuts
     D:7: 278 daAuts
  Temple: 94 daAuts
  Bailey: 35 daAuts
